 Dungeon Crawl Stone Soup version 0.28.0-53-g5a82cb258f (webtiles) character file.

Game seed: 9334615400250072112

22 Endy73 the Chopper (level 2, -2/37 (40) HPs)
             Began as a Hill Orc Berserker on July 8, 2022.
             Was a Follower of Trog.
             Slain by a goblin
             ... wielding a +2 dagger of electrocution
             ... led by Robin
              (5 damage)
             ... on level 1 of the Dungeon.
             The game lasted 00:03:52 (1308 turns).

Endy73 the Chopper (Hill Orc Berserker)             Turns: 1308, Time: 00:03:53

HP:   -2/37 (40)    AC:  3    Str: 19    XL:     2   Next: 91%
MP:   2/2           EV: 12    Int:  7    God:    Trog [*.....]
Gold: 93            SH:  0    Dex: 10    Spells: 1/1 levels left

rFire   . . .      SeeInvis .   a - +0 hand axe
rCold   . . .      Faith    .   (no shield)
rNeg    . . .      Spirit   .   b - +0 animal skin
rPois   .          Reflect  .   d - +0 helmet
rElec   .          Harm     .   (no cloak)
rCorr   .          Rampage  .   (no gloves)
Will    .....                   (no boots)
Stlth   ..........              (no amulet)
HPRegen 0.12/turn               (no ring)
MPRegen 0.08/turn               (no ring)

@: berserking, drained, very quick
A: no striking features
a: Renounce Religion, Berserk


You were on level 1 of the Dungeon.
You worshipped Trog.
Trog was aware of your devotion.
You visited 1 branch of the dungeon, and saw 2 of its levels.

You collected 93 gold pieces.

Inventory:

Hand Weapons
 a - a +0 hand axe (weapon)
 h - a +0 battleaxe
Missiles
 i - 6 poisoned darts (quivered)
 j - 6 atropa-tipped darts
Armour
 b - a +0 animal skin (worn)
 d - a +0 helmet (worn)
Scrolls
 f - a scroll of enchant armour {unknown}
 g - a scroll of teleportation {unknown}
 k - a scroll of immolation {unknown}
 l - a scroll of identify {unknown}
Potions
 c - a potion of curing {unknown}
 e - a potion of lignification {unknown}


   Skills:
 * Level 4.0 Fighting
 * Level 4.5 Axes
 * Level 2.6 Armour
 + Level 1.7 Dodging


You had one spell level left.
You didn't know any spells.
Your spell library was empty.

Dungeon Overview and Level Annotations

Branches:
Dungeon (2/15)

Altars:


Message History

The ball python bites you. The ball python misses you.
You closely miss the ball python. The ball python misses you.
The ball python grabs you. The ball python constricts you.
The ball python closely misses you. The ball python constricts you.
You slash the ball python!
You kill the ball python!
Trog accepts your kill.
You hit the goblin.
The goblin is moderately wounded.
The goblin hits you with a +2 dagger of electrocution.
You are electrocuted!
* * * LOW HITPOINT WARNING * * *
You barely miss the goblin.
The goblin is moderately wounded.
The goblin hits you but does no damage.
You barely miss the goblin.
The goblin is moderately wounded.
The goblin barely misses you.
You miss the goblin.
The goblin is moderately wounded.
The goblin hits you but does no damage.
You barely miss the goblin.
The goblin is moderately wounded.
The goblin hits you with a +2 dagger of electrocution.
* * * LOW HITPOINT WARNING * * *
The goblin hits you with a +2 dagger of electrocution.
* * * LOW HITPOINT WARNING * * *
The goblin hits you with a +0 dagger of draining.
* * * LOW HITPOINT WARNING * * *
You feel drained.
* * * LOW HITPOINT WARNING * * *
There is a stone staircase leading up here.
The goblin hits you with a +2 dagger of electrocution.
* * * LOW HITPOINT WARNING * * *
You climb upwards.
There is a stone staircase leading down here.
A red film seems to cover your vision as you go berserk!
You feel yourself moving faster!
You feel mighty!
The goblin hits you with a +2 dagger of electrocution.
You die...

#.##.###.##.#..#.# #.##.#
#.##.#..#.# #.##.# #.##.#..#.#
#.##.# #.##.#..#.#
###############.##.# #.##.#.##.#
................##.###.##.#....#
#####..###########...#.##.#######
.....#.###.###.......#.##........
...............g@....#.##########
##^..#.)#..###.......#.#
#...##.#..# #.......#.#
#...##.#..# #.......#.#
##...##.#..# #.......#.##########
...........# #####...#...........
###....#...# #...............
...........# #..#############
.....###..## #..#


You could see a goblin.

Vanquished Creatures
  A dart slug (D:1)
  A ball python (D:2)
  An endoplasm (D:2)
  A giant cockroach (D:1)
  3 goblins
  A hobgoblin (D:2)
  2 quokkas
  3 bats (D:1)
  2 frilled lizards
  3 kobolds
18 creatures vanquished.

Notes
Turn   | Place    | Note
-------+----------+-------------------------------------------
     0 | D:1      | Endy73 the Hill Orc Berserker began the quest for the Orb.
     0 | D:1      | Reached XP level 1. HP: 19/19 MP: 1/1
   363 | D:1      | Reached XP level 2. HP: 27/27 MP: 2/2
  1308 | D:1      | Slain by a goblin

Illustrated notes

Levels and vault maps discovered:
D:1:      roderic_crossed_star, layout_basic
D:2:      layout_rooms, uniq_terence, uniq_robin

Skill      XL: |  1  2 |
---------------+-------+-----
Fighting       | 4 |  4.0
Axes           | |  4.5
Armour         | |  2.6
Dodging        | |  1.7

Action                   || total
-------------------------++-------
Melee: Hand axe          ||    54
Throw: Dart              ||     3
Invok: Berserk           ||     1
Armor: Animal skin       ||    23
Dodge: Dodged            ||    35
